 Dungeon Crawl Stone Soup version 0.30-a0-297-g0ec75d9ef4 (webtiles) character file.

Game seed: 9260146046138206479

660 NinjaNoafa the Sneak (level 7, -6/35 HPs)
             Began as a Spriggan Brigand on Oct 19, 2022.
             Engulfed by a cloud of poison gas (9 damage)
             ... on level 5 of the Dungeon.
             The game lasted 00:14:11 (3533 turns).

NinjaNoafa the Sneak (Spriggan Brigand)             Turns: 3533, Time: 00:14:12

Health: -6/35      AC:  3    Str:  4 (5)  XL:     7   Next: 30%
Magic:  8/8        EV: 21    Int: 11 (13) God:
Gold:   258        SH:  0    Dex: 16 (18) Spells: 6/6 levels left

rFire   . . .      SeeInvis +    h - +4 dagger (drain)
rCold   + . .      Faith    .    (no shield)
rNeg    . . .      Spirit   .    b - +0 robe
rPois   .          Reflect  .    (helmet restricted)
rElec   .          Harm     .    c - +0 cloak
rCorr   .          Rampage  .    (gloves unavailable)
Will    +....                    (boots unavailable)
Stlth   ++++......               (no amulet)
HPRegen 0.25/turn                (no ring)
MPRegen 0.11/turn                (no ring)

@: brilliant, lethally poisoned (-6 -> -53), marked, very quick
A: very small, no large weapons, unfitting armour, see invisible, speed 3, cold
resistance 1, weak 1, wild magic 1
a: no special abilities


You were on level 5 of the Dungeon.
You visited 1 branch of the dungeon, and saw 5 of its levels.

You collected 258 gold pieces.

Inventory:

Hand Weapons
 h - a +4 dagger of draining (weapon)
Missiles
 d - 25 poisoned darts (quivered)
 e - 8 curare-tipped darts
 f - 92 stones
 k - 2 boomerangs
Armour
 b - a +0 robe (worn)
 c - a +0 cloak (worn)
Scrolls
 i - a scroll of vulnerability {unknown}
 l - a scroll of teleportation {unknown}
 m - a scroll of poison
 o - a scroll of blinking {unknown}
 p - 2 scrolls of immolation
 r - a scroll of magic mapping
 t - 2 scrolls of summoning
 v - a scroll of fear {unknown}
 w - a scroll of enchant armour {unknown}
 y - 2 scrolls of amnesia
Potions
 a - a potion of might {unknown}
 j - a potion of haste {unknown}
 q - 2 potions of mutation
 s - 2 potions of degeneration
 u - a potion of brilliance
 x - a potion of magic {unknown}
 A - a potion of flight {unknown}


   Skills:
 - Level 2.0 Fighting
 + Level 5.5 Short Blades
 - Level 3.0 Throwing
 - Level 7.0 Dodging
 - Level 7.0 Stealth


You had 6 spell levels left.
You didn't know any spells.
Your spell library contained the following spells:

 Spells                   Type           Power      Damage    Failure   Level
 Sandblast                Erth           0%         2d4       43%         1
 Passwall                 Tmut/Erth      0%         N/A       56%         2
 Stone Arrow              Conj/Erth      0%         3d7       78%         3


Dungeon Overview and Level Annotations

Branches:
Dungeon (5/15)
 Temple: D:4-7

Altars:

Shops:
D:3 [


Innate Abilities, Weirdness & Mutations

You are very small and have problems with some larger weapons.
You are too small for most types of armour.
You have supernaturally acute eyesight. (SInv)
You cover ground extremely quickly. (Speed+++)
Your flesh is cold resistant. (rC+)
You are weak. (Str -2)
Your spells are a little harder to cast, but a little more powerful.


Message History

Your adder completely misses the water moccasin.
Your adder is engulfed in poison gas.
Your adder looks even sicker.
You kill your adder!
Your adder's corpse dissolves into shadows!
Your quokka is engulfed in poison gas.
Your quokka looks even sicker.
You kill your quokka!
Your quokka's corpse dissolves into shadows!
Your ogre is engulfed in poison gas.
Your ogre looks even sicker.
Your ogre hits the water moccasin with a +0 giant club!
The water moccasin explodes!
The fiery explosion engulfs your ogre!!
Your ogre is almost dead.
The fiery explosion engulfs you!
The fiery explosion engulfs your adder!!
You kill your adder!
Your adder's corpse dissolves into shadows!
Your ogre dissolves into shadows!
Training target 7.0 for Dodging reached!
Your Dodging skill increases to level 7!
You need to enable at least one skill for training.
Really walk into that cloud of poison gas?
You are engulfed in poison gas.
You are lethally poisoned!
You feel sick.
Unknown command.
It was a potion of degeneration.
There was something very wrong with that liquid.
You feel weakened.
You feel dopey.
You feel clumsy.
You are engulfed in poison gas.
You are more poisoned.
* * * LOW HITPOINT WARNING * * *
You feel extremely sick.
It was a potion of brilliance.
You feel clever all of a sudden.
You are engulfed in poison gas.
You are more poisoned.
You die...

#.# ##...## #.#.#.#. ##.##
##§§§○§## #.#.#.#.
##...####○§☼☼☼○§## #.######
##.....##§○§§§°☼§§#######~~~~#
#......☼°§§§§§§☼°§5c.###~~~~~~
#.......#○§§§§☼§§☼##........~~
#.......##○§§○§○°###.........~
##.....####☼☼§§§## #?.S.c~~..,
##...## ##§@○## #....~..~~,
#.### ##+## *#...5~....~ #.#
#.# #......~s⌠., #.# #.#
#.......⌠~~, #.# ##.##
#....~~....~ #.# ##...##
#...~..~~..~ #.# #.....#
#...~....~~, #.#
######...####....~~....,
#.###..............,,,~~,,,,


You could see a centaur (inner flame) and an ufetubus (inner flame).

Vanquished Creatures
  Grinder (D:3)
  Sigmund (D:2)
  Terence (D:2)
  An iguana (D:4)
  An orc wizard (D:3)
  3 adders
  A worm (D:2)
  A dart slug (D:1)
  11 orcs
  8 endoplasms
  A giant cockroach (D:1)
  8 goblins
  7 hobgoblins
  4 jackals (D:1)
  11 kobolds
  4 quokkas
  6 ball pythons
  4 bats
  3 frilled lizards
  6 rats
83 creatures vanquished.

Vanquished Creatures (collateral kills)
  A water moccasin (D:5)
1 creature vanquished.

Grand Total: 84 creatures vanquished

Notes
Turn   | Place    | Note
-------+----------+-------------------------------------------
     0 | D:1      | NinjaNoafa the Spriggan Brigand began the quest for the
                  | Orb.
     0 | D:1      | Reached XP level 1. HP: 10/10 MP: 2/2
   262 | D:1      | Reached XP level 2. HP: 14/14 MP: 3/3
   491 | D:1      | Found a faded altar of an unknown god.
   602 | D:1      | Reached XP level 3. HP: 18/18 MP: 4/4
   991 | D:2      | Noticed Terence
   998 | D:2      | Killed Terence
  1041 | D:2      | Reached XP level 4. HP: 19/22 MP: 5/5
  1183 | D:2      | Noticed Sigmund
  1197 | D:2      | Killed Sigmund
  1198 | D:2      | Reached skill level 5 in Dodging
  1198 | D:2      | Reached XP level 5. HP: 24/25 MP: 6/6
  1290 | D:2      | Identified the +5 spear "Uholexzo" {flame, Fragile Will+++
                  | rCorr}
  1901 | D:3      | Found Siwireim's Armour Shop.
  2154 | D:3      | Reached XP level 6. HP: 17/30 MP: 7/7
  2155 | D:3      | Reached skill level 5 in Short Blades
  2222 | D:3      | Noticed Grinder
  2231 | D:3      | Killed Grinder
  2688 | D:4      | Reached XP level 7. HP: 35/35 MP: 8/8
  3334 | D:5      | Entered Level 5 of the Dungeon
  3529 | D:5      | Gained mutation: Your spells are a little harder to cast,
                  | but a little more powerful. [potion of mutation]
  3529 | D:5      | Gained mutation: You are weak. (Str -2) [potion of
                  | mutation]
  3529 | D:5      | Gained mutation: Your flesh is cold resistant. (rC+)
                  | [potion of mutation]
  3533 | D:5      | Engulfed by a cloud of poison gas

Illustrated notes

Levels and vault maps discovered:
D:1:      dpeg_arrival_morbid_curiosity, layout_loops_ring,
          hellmonk_ecumenical_altar_heavens_door
D:2:      layout_basic, minmay_indecisive_spiral, uniq_sigmund, uniq_terence
D:3:      layout_basic, serial_shops, shop, minmay_strange_pillars,
          minmay_diced_spiral, uniq_grinder
D:4:      layout_loops_ring, hex_tiny
D:5:      cheibrodos_helix_gallery, layout_loops_corners, uniq_eustachio

Skill      XL: |  1  2  3  4  5  6  7 |
---------------+----------------------+-----
Dodging        | 2 3 5 6 7 |  7.0
Stealth        | 6 7 |  7.0
Short Blades   | 3 4 5 |  5.5
Fighting       | 2 |  2.0
Throwing       | 3 |  3.0

Action                   |  1- 3 |  4- 6 |  7- 9 || total
-------------------------+-------+-------+-------++-------
Melee: Dagger            |    62 |    73 |    39 ||   174
       Punch             |       |     1 |       ||     1
Throw: Dart              |    10 |    44 |     5 ||    59
       Boomerang         |       |     2 |       ||     2
  Use: Potion            |     1 |     1 |     4 ||     6
       Scroll            |       |       |     7 ||     7
 Stab: Sleeping          |     8 |     6 |     6 ||    20
Armor: Robe              |    11 |    12 |     5 ||    28
       Skin              |       |    37 |       ||    37
Dodge: Dodged            |    39 |    46 |    15 ||   100

Table legend: (Time is in decaauts)
 A = Elapsed time spent in this place.
 B = Non-inter-level travel time spent in this place.
 C = Inter-level travel time spent in this place.
 D = Time resting spent in this place.
 E = Time spent auto-exploring this place.
 F = Levels seen in this place.
 G = Mean time per level.
                   A        B        C        D        E       F      G
               +--------+--------+--------+--------+--------+-----+--------+
         Total |   2307 |   2216 |     91 |     29 |   1659 |   5 |  461.4 |
       Dungeon |   2307 |   2216 |     91 |     29 |   1659 |   5 |  461.4 |
               +--------+--------+--------+--------+--------+-----+--------+

Top non-repeatable levels by time:
     D:2: 640 daAuts
     D:1: 603 daAuts
     D:3: 518 daAuts
     D:4: 417 daAuts
     D:5: 128 daAuts
